 Dungeon Crawl Stone Soup version 0.28-a0-773-g130ae17fe5 (webtiles) character file.

Game seed: 280683673755082983

24 spiderkeys the Skirmisher (level 3, -4/19 HPs)
             Began as a Vine Stalker Abyssal Knight on Nov 1, 2021.
             Was a Follower of Lugonu.
             Slain by a fire elemental (9 damage)
             ... on level 2 of the Abyss.
             The game lasted 00:01:29 (292 turns).

spiderkeys the Skirmisher (VSAK)                     Turns: 292, Time: 00:01:30

Health: -4/19      AC:  3    Str: 15    XL:     3   Next: 2%
Magic:  0/5        EV: 11    Int: 10    God:    Lugonu [*.....]
Gold:   10         SH:  0    Dex: 15    Spells: 2/2 levels left

rFire   . . .      SeeInvis .   a - +1 short sword
rCold   . . .      Faith    .   (no shield)
rNeg    . . .      Spirit   +   b - +0 leather armour
rPois   .          Reflect  .   (no helmet)
rElec   .          Harm     .   (no cloak)
rCorr   .          Rampage  .   (no gloves)
Will    .....                   (no boots)
Stlth   +.........              (no amulet)
HPRegen 0.06/turn               (no ring)
MPRegen 0.09/turn               (no ring)

@: no status effects
A: fangs 2, magic shield, antimagic bite, no potion heal 2
a: Renounce Religion, Depart the Abyss


You were on level 2 of the Abyss.
You worshipped Lugonu.
Lugonu was aware of your devotion.
You visited 0 branches of the dungeon, and saw 0 of its levels.
You visited the Abyss 1 time.

You collected 10 gold pieces.


Innate Abilities, Weirdness & Mutations

You have extremely sharp teeth.
When hurt, damage is shared between your health and your magic reserves.
Your bite disrupts and absorbs the magic of your enemies.
Potions cannot restore your health.


   Skills:
 + Level 2.9 Fighting
 + Level 2.1 Short Blades
 - Level 1.9 Armour
 + Level 1.1 Dodging
 + Level 2.1 Invocations


You had 2 spell levels left.
You didn't know any spells.
Your spell library was empty.

Inventory:

Hand Weapons
 a - a +1 short sword (weapon)
Armour
 b - a +0 leather armour (worn)

Dungeon Overview and Level Annotations

Branches:
Dungeon (0/15)

Altars:

..# ..# ...
.. #.# #.. ##
#..#.######
#..@#.#...#
#...#.E..#
...#. ###○###
#### # #.
#.#☼#..... .
# ###○#..# ..
##○..# ..#
#...#.#$.#
#..##.##.....
# #..
#...#... .


You could see a fire elemental.


Message History

🤖 Initializing magus.rc ... ✅ Successfully initialized magus.rc [v1.9.10] Welcome, spiderkeys the Vine Stalker Abyssal Knight.
Will you be the one to retrieve the breathtaking Orb of Zot from the depths?
Lugonu says: Depart the Abyss and spread corruption, my servant! (use the ability menu to exit the Abyss) Press ? for a list of commands and other information.
Found a corrupted altar of Lugonu.
There is a corrupted altar of Lugonu here.
You are suddenly pulled into a different region of the Abyss!
You now have 10 gold pieces.
Found a gateway leading deeper into the Abyss.
c - 2 scrolls labelled GEAZETUIBY
d - a scroll labelled MANGUSH ZYMNO
There is a gateway leading deeper into the Abyss here.
You plunge deeper into the Abyss.
e - a scroll labelled PENO MOECLISIO
As you read the scroll labelled GEAZETUIBY, it crumbles to dust.
You feel strangely unstable.
You feel the power of the Abyss delaying your translocation!
It was a scroll of teleportation.
As you read the scroll labelled MANGUSH ZYMNO, it crumbles to dust.
Wisps of shadow whirl around you...
It was a scroll of summoning.
Your body is wracked with pain!
Your lurking horror dissolves into shadows! 😮 HP[-4]
You take 4 damage, and now have 7/11 hp.
MASSIVE DAMAGE!! (PAUSE)
Your small abomination closely misses the small abomination.
Your small abomination hits the small abomination.
Your large abomination hits the small abomination!!
The small abomination is destroyed!
Your Short Blades skill increases to level 2!
Your Dodging skill increases to level 1!
Your Invocations skill increases to level 2!
You have reached level 2!
You have reached level 3!
Your experience leads to an increase in your attributes!
Increase (S)trength, (I)ntelligence, or (D)exterity?
You feel agile. 😮 HP[+5] MP[+2]
You now have 19 max hp (+8).
You regained 5 hp, and now have 12/19 hp.
Your mp is fully restored (5).
The substance of the Abyss twists violently, and a gateway leading out appears!
There is a gateway leading out of the Abyss here.
You are suddenly pulled into a different region of the Abyss!
Okay, then. 😮 HP[+1] 😮 HP[+1]
A great orb of eyes comes into view.
The great orb of eyes turns its gaze towards you. 😕 HP[+1]
As you read the scroll labelled PENO MOECLISIO, it crumbles to dust.
It is a scroll of amnesia.
You feel forgetful for a moment.
As you read the scroll of teleportation {@r4}, it crumbles to dust.
You feel strangely unstable.
You feel the power of the Abyss delaying your translocation!
The great orb of eyes bites you. 😮 HP[-2]
You take 2 damage, and now have 13/19 hp.
The great orb of eyes gazes at you.
Your mind is blasted! 😮 HP[-2]
You take 2 damage, and now have 11/19 hp.
The great orb of eyes gazes at you.
You barely resist.
An ice devil comes into view.
Unknown command.
The ice devil barely misses you. 😮 HP[+1]
You are suddenly pulled into a different region of the Abyss!
You aren't carrying any scrolls. 😮 HP[+1]
You are suddenly pulled into a different region of the Abyss! 😮 HP[+1]
You enter the shallow water.
Moving in this stuff is going to be slow.
You enter the shallow water.
Moving in this stuff is going to be slow.
A fire elemental comes into view.
You enter the shallow water.
Moving in this stuff is going to be slow. 😕 HP[+1]
The fire elemental hits you. The fire elemental burns you!
Ouch! That really hurt!
* * * LOW HITPOINT WARNING * * *
😨 HP[-10] MP[-4]
You take 10 damage, and now have 5/19 hp.
MASSIVE DAMAGE!! (PAUSE)
You lost 4 mp, and now have 1/5 mp.
The fire elemental hits you. The fire elemental burns you!
You die...

Skill      XL: |  1 |
---------------+----+-----
Short Blades   | 2 |  2.1
Dodging        | 1 |  1.1
Invocations    | 2 |  2.1
Fighting       | |  2.9
Armour         | |  1.9

Action                   || total
-------------------------++-------
  Use: Scroll            ||     4
Armor: Leather armour    ||     2
Dodge: Dodged            ||     1

Levels and vault maps discovered:
Abyss:2:  base:
Temple

Notes
Turn   | Place    | Note
-------+----------+-------------------------------------------
     0 | Abyss:1  | spiderkeys the Vine Stalker Abyssal Knight began the quest
                  | for the Orb.
     0 | Abyss:1  | Reached XP level 1. HP: 11/11 MP: 3/3
     0 | Abyss:1  | magus.rc [v1.9.10]
   166 | Abyss:2  | Noticed a small abomination
   171 | Abyss:2  | Killed a small abomination
   172 | Abyss:2  | Reached skill level 2 in Short Blades
   172 | Abyss:2  | Reached skill level 1 in Dodging
   172 | Abyss:2  | Reached skill level 2 in Invocations
   172 | Abyss:2  | Reached XP level 2. HP: 10/16 MP: 4/4
   172 | Abyss:2  | Reached XP level 3. HP: 12/19 MP: 5/5
   213 | Abyss:2  | Noticed a large abomination
   215 | Abyss:2  | Noticed a great orb of eyes
   223 | Abyss:2  | Noticed an ice devil
   236 | Abyss:2  | Noticed a rust devil
   272 | Abyss:2  | Noticed a fire elemental
   292 | Abyss:2  | Slain by a fire elemental

Vanquished Creatures (collateral kills)
  A small abomination (Abyss:2)
1 creature vanquished.

Table legend:
 A = Non-vault XP
 B = Vault XP
 C = Vault XP percentage of total XP
 D = Non-vault monster count
 E = Vault monster count
 F = Vault count percentage of total count
                 A         B        C        D         E       F
            +---------+---------+-------+---------+---------+-------
      Total |      35 |       0 |   0.0 |       1 |       0 |   0.0
            +---------+---------+-------+---------+---------+-------
    Abyss:2 |      35 |       0 |   0.0 |       1 |       0 |   0.0
            +---------+---------+-------+---------+---------+-------

Illustrated notes

Table legend:
 A = Kills in this place as a percentage of kills in entire the game.
 B = Kills by you in this place as a percentage of kills by you in the entire game.
 C = Kills by friends in this place as a percentage of kills by friends in the entire game.
 D = Other kills in this place as a percentage of other kills in the entire game.
 E = Experience gained in this place as a percentage of experience gained in the entire game.
 F = Experience gained in this place divided by the number of levels of this place that you have seen.
                   A       B       C       D       E      F
               +-------+-------+-------+-------+-------+----------------------
         Total | 100.0 |   N/A | 100.0 |   N/A | 100.0 |  17.5
         Abyss | 100.0 |   N/A | 100.0 |   N/A | 100.0 |  17.5
               +-------+-------+-------+-------+-------+----------------------

Table legend: (Time is in decaauts)
 A = Elapsed time spent in this place.
 B = Non-inter-level travel time spent in this place.
 C = Inter-level travel time spent in this place.
 D = Time resting spent in this place.
 E = Time spent auto-exploring this place.
 F = Levels seen in this place.
 G = Mean time per level.
                   A        B        C        D        E       F      G
               +--------+--------+--------+--------+--------+-----+--------+
         Total |    293 |    293 |      0 |      0 |    119 |   2 |  146.5 |
         Abyss |    293 |    293 |      0 |      0 |    119 |   2 |  146.5 |
               +--------+--------+--------+--------+--------+-----+--------+

Top non-repeatable levels by time:
 Abyss:2: 150 daAuts
 Abyss:1: 143 daAuts
